 Dungeon Sprint DCSS version 0.27.1-2-g3b301248ec (webtiles) character file.

Game seed: 988488433856834643

826 boopmooplesden the Fighter (level 7, -2/74 HPs)
             Began as a Minotaur Fighter on Sept 23, 2021.
             Slain by a wyvern (15 damage)
             ... in the Dungeon (Sprint II: "The Violet Keep of Menkaure").
             The game lasted 00:00:42 (313 turns).

boopmooplesden the Fighter (Minotaur Fighter)        Turns: 313, Time: 00:00:42

Health: -2/74      AC:  9    Str: 21    XL:     7   Next: 64%
Magic:  6/6        EV:  9    Int:  5    God:
Gold:   486        SH: 12    Dex: 11    Spells: 6/6 levels left

rFire    . . .     SeeInvis .   a - +0 war axe
rCold    . . .     Faith    .   c - +0 kite shield
rNeg     . . .     Spirit   .   b - +0 scale mail
rPois    .         Reflect  .   (helmet restricted)
rElec    .         Harm     .   (no cloak)
rCorr    .         Rampage  .   (no gloves)
Will     .....     NoTele   +   (no boots)
Stlth    ..........             (no amulet)
HPRegen  0.22/turn              (no ring)
MPRegen  0.10/turn              (no ring)

@: no status effects
A: horns 2, retaliatory headbutt
a: no special abilities


You were in the Dungeon.
You visited 1 branch You collected 486 gold pieces.

Inventory:

Hand Weapons
 a - a +0 war axe (weapon)
Armour
 b - a +0 scale mail (worn)
 c - a +0 kite shield (worn)
Scrolls
 j - a scroll of blinking
Potions
 d - a potion of might
 e - a potion of curing
 g - a potion of haste
 h - 2 potions of magic


   Skills:
 + Level 11.6 Fighting
 + Level 7.8 Axes
 + Level 11.1 Armour
 + Level 0.1 Dodging
 + Level 11.1 Shields


You had 6 spell levels left.
You didn't know any spells.
Your spell library was empty.

Dungeon Overview and Level Annotations

Branches:
Dungeon (1/1)

Altars:


Innate Abilities, Weirdness & Mutations

You have a pair of horns on your head.
You reflexively headbutt those who attack you in melee.


Message History

The wyvern is moderately wounded.
The wyvern bites you. The wyvern bites you!
You completely miss the wyvern. Your headbutt misses the wyvern.
The wyvern is moderately wounded.
The wyvern bites you!
* * * LOW HITPOINT WARNING * * *
The wyvern closely misses you.
You hit the wyvern.
The wyvern is heavily wounded.
You block the wyvern's attack. The wyvern barely misses you.
You closely miss the wyvern. Your headbutt misses the wyvern.
The wyvern is heavily wounded.
The wyvern bites you.
* * * LOW HITPOINT WARNING * * *
The wyvern bites you.
* * * LOW HITPOINT WARNING * * *
You feel much better. You block the wyvern's attack.
You barely miss the wyvern. You headbutt the wyvern.
The wyvern is heavily wounded.
The wyvern closely misses you. You furiously retaliate!
You headbutt the wyvern. You block the wyvern's attack.
You barely miss the wyvern. You headbutt the wyvern.
The wyvern is almost dead.
The wyvern completely misses you. You furiously retaliate!
You headbutt the wyvern, but do no damage.
The wyvern bites you!
You slash the wyvern!
You kill the wyvern!
The wyvern bites you!
* * * LOW HITPOINT WARNING * * *
Your Armour skill increases to level 11!
Your Shields skill increases to level 11!
You slash the wyvern!
The wyvern is heavily wounded.
The wyvern closely misses you. You furiously retaliate!
You headbutt the wyvern! You block the wyvern's attack.
You barely miss the wyvern. Your headbutt misses the wyvern.
The wyvern is almost dead.
The wyvern bites you!
You die...

##+##
##...##
#..#..# #
##.).####
#.
##'###.##
#.##.##...#
#l@<.†.#
#.##.##...#
#. #+###.##
#


B#B ## .. .. ##. .## ## ## You could see a wyvern.

Vanquished Creatures
  A merfolk siren (D)
  A wyvern (D)
  4 necrophages (D)
6 creatures vanquished.

Vanquished Creatures (others)
  Menkaure (D)
  A water moccasin (D)
2 creatures vanquished.

Grand Total: 8 creatures vanquished

Notes
Turn   | Place    | Note
-------+----------+-------------------------------------------
     0 | D        | boopmooplesden the Minotaur Fighter began the quest for the
                  | Orb.
     0 | D        | Reached XP level 1. HP: 19/19 MP: 0/0
     1 | D        | Noticed a wyvern
     1 | D        | Noticed a wyvern
     4 | D        | Noticed a boulder beetle
     4 | D        | Noticed a boulder beetle
     8 | D        | Noticed a merfolk siren
    18 | D        | Killed a merfolk siren
    19 | D        | Reached skill level 5 in Axes
    19 | D        | Reached XP level 2. HP: 7/38 MP: 1/1
    19 | D        | Reached XP level 3. HP: 8/45 MP: 2/2
    19 | D        | Reached XP level 4. HP: 10/51 MP: 3/3
    19 | D        | Reached XP level 5. HP: 11/58 MP: 4/4
    19 | D        | Reached XP level 6. HP: 13/66 MP: 5/5
    41 | D        | Killed Menkaure
   181 | D        | Killed a water moccasin
   275 | D        | Reached skill level 10 in Fighting
   281 | D        | Reached skill level 10 in Armour
   281 | D        | Reached skill level 10 in Shields
   285 | D        | Reached XP level 7. HP: 48/73 MP: 6/6
   311 | D        | Killed a wyvern
   313 | D        | Slain by a wyvern

Illustrated notes

Levels and vault maps discovered:
D:        the_violet_keep_of_menkaure [sprint2_stairs_cluster_1,
          sprint2_shoproom, sprint2_temple, sprint2_basic_supplies,
          sprint2_obstacle_5, sprint2_obstacle_1, sprint2_obstacle_6,
          sprint2_obstacle_7, sprint2_obstacle_4, sprint2_timed_cluster_1,
          sprint2_smallroom_cluster_1, sprint2_smallroom_final_cluster_1,
          sprint2_transparent_cluster_1, sprint2_second_timed_cluster_1,
          sprint2_sniper_area_1, sprint2_heavy_combat_area_1,
          sprint2_mutation_trap_area_1, sprint2_forest_area_1,
          sprint2_light_combat_area_1, sprint2_behind_water_1,
          sprint2_near_end_vault_1]

Skill      XL: |  1  2  3  4  5  6  7 |
---------------+----------------------+-----
Fighting       | 9 10 11 | 11.6
Axes           | 5 6 7 |  7.8
Armour         | 9 10 11 | 11.1
Shields        | 9 10 11 | 11.1
Dodging        | |  0.1

Action                   |  1- 3 |  4- 6 |  7- 9 || total
-------------------------+-------+-------+-------++-------
Melee: War axe           |     8 |    19 |    12 ||    39
       Headbutt          |       |     4 |     5 ||     9
  Use: Potion            |     1 |       |     1 ||     2
Armor: Scale mail        |       |     6 |       ||     6
Dodge: Dodged            |     3 |       |     5 ||     8
Block: Kite shield       |     3 |     9 |     6 ||    18
